 Dungeon Crawl Stone Soup version 0.27.1-33-g824d729ab1 (webtiles) character file.

Game seed: 12078368370707785503

20 McKennaii the Poker (level 2, -3/24 HPs)
             Began as a Demigod Warper on Dec 3, 2021.
             Killed by nerve-wracking pain
             ... invoked by Jessica
              (11 damage)
             ... on level 2 of the Dungeon.
             The game lasted 00:01:38 (1400 turns).

McKennaii the Poker (Demigod Warper)                Turns: 1400, Time: 00:01:38

Health: -3/24      AC:  3    Str: 12    XL:     2   Next: 42%
Magic:  7/7        EV: 11    Int: 15    God:
Gold:   50         SH:  0    Dex: 13    Spells: 2/4 levels left

rFire    . . .     SeeInvis .   a - +0 spear
rCold    . . .     Faith    .   (no shield)
rNeg     . . .     Spirit   .   b - +0 leather armour
rPois    .         Reflect  .   (no helmet)
rElec    .         Harm     .   (no cloak)
rCorr    .         Rampage  .   (no gloves)
Will     .....                  (no boots)
Stlth    +.........             (no amulet)
HPRegen  0.08/turn              (no ring)
MPRegen  0.10/turn              (no ring)

@: slowed, very slow
A: high mp 1, forlorn
a: no special abilities


You were on level 2 of the Dungeon.
You visited 1 branch of the dungeon, and saw 2 of its levels.

You collected 50 gold pieces.

Inventory:

Hand Weapons
 a - a +0 spear (weapon)
Missiles
 d - 4 boomerangs of dispersal (quivered)
Armour
 b - a +0 leather armour (worn)
Magical Staves
 e - a staff of cold
Scrolls
 c - a scroll of blinking
 g - a scroll of identify {unknown}
 h - 2 scrolls of holy word {unknown}
 i - a scroll of enchant weapon {unknown}
 j - a scroll of magic mapping {unknown}
Potions
 f - a potion of attraction {unknown}


   Skills:
 - Level 1.7 Fighting
 + Level 2.9 Polearms
 - Level 0.8 Throwing
 - Level 0.8 Armour
 - Level 1.7 Dodging
 - Level 1.7 Spellcasting
 - Level 2.6 Translocations


You had 2 spell levels left.
You knew the following spells:

 Your Spells              Type           Power      Damage    Failure   Level
b - Blink                 Tloc           N/A        N/A       14%         2

Your spell library contained the following spells:

 Spells                   Type           Power      Damage    Failure   Level
 Magic Dart               Conj           4%         1d3       28%         1
 Call Imp                 Summ           1%         N/A       41%         2
 Gell's Gravitas          Tloc           4%         N/A       28%         3
 Lesser Beckoning         Tloc           4%         N/A       28%         3
 Teleport Other           Tloc           9%         N/A       28%         3
 Mephitic Cloud           Conj/Pois/Air  1%         N/A       65%         3
 Manifold Assault         Tloc           9%         N/A       95%         5


Dungeon Overview and Level Annotations

Branches:
Dungeon (2/15)

Annotations:
D:2 Jessica


Innate Abilities, Weirdness & Mutations

Your attributes grow dramatically as you level up.
You have an increased reservoir of magic. (+10% MP)
You shall have no god before yourself.


Message History

a - Blink Adjust to which letter? b - Blink
Found a ring mail.
Jessica the Apprentice Sorceress comes into view.
She is wielding a +0 club.
Jessica shouts!
Jessica mumbles something strange.
Jessica casts a spell at you. Pain shoots through your body!
Jessica casts a spell.
Jessica seems to speed up.
Jessica casts a spell.
Jessica blinks!
There is a stone staircase leading up here.
You climb upwards.
There is a stone staircase leading down here.
You start resting.
HP restored.
You climb downwards.
Level annotation: Jessica
There is a stone staircase leading up here.
No target in view!
Okay, then.
Jessica gestures wildly while chanting.
Jessica blinks!
No target in view!
Jessica is nearby!
Jessica says, "Why did you come here?" Jessica casts a spell at you.
You feel yourself slow down.
Jessica mumbles some strange words.
Jessica seems to speed up.
There is a stone staircase leading up here.
You closely miss Jessica. Jessica hits you with a +0 club.
Jessica casts a spell at you. Pain shoots through your body!
You closely miss Jessica. Jessica hits you with a +0 club!
Jessica points at you and mumbles some strange words.
Pain shoots through your body!
You die...

........##.....
...............
#......#.[...
######....!.......
..................
...........#......
......)...## .....
......#.@.# ....
......#.@.# ...
..... #...# ##
..... #...# ....
#...# ##.# .....
....... ####....
......


You could see Jessica (fast).

Vanquished Creatures
  A dart slug (D:1)
  A bat (D:1)
  2 endoplasms (D:1)
  A goblin (D:1)
  A hobgoblin (D:1)
  A quokka (D:1)
  6 ball pythons (D:1)
  A frilled lizard (D:1)
  2 rats (D:1)
16 creatures vanquished.

Notes
Turn   | Place    | Note
-------+----------+-------------------------------------------
     0 | D:1      | McKennaii the Demigod Warper began the quest for the Orb.
     0 | D:1      | Reached XP level 1. HP: 17/17 MP: 5/5
   569 | D:1      | Reached XP level 2. HP: 24/24 MP: 7/7
  1356 | D:2      | Learned a level 2 spell: Blink
  1358 | D:2      | Noticed Jessica
  1400 | D:2      | Killed from afar by Jessica

Illustrated notes

Levels and vault maps discovered:
D:1:      matt_arrival_los_fun, layout_loops_corners,
          dreamdust_ecumenical_altar_statues
D:2:      layout_basic, uniq_jessica, uniq_terence

Skill      XL: |  1 |
---------------+----+-----
Polearms       | 2 |  2.9
Fighting       | |  1.7
Throwing       | |  0.8
Armour         | |  0.8
Dodging        | |  1.7
Spellcasting   | |  1.7
Translocations | |  2.6

Action                   || total
-------------------------++-------
Melee: Spear             ||    65
Throw: Boomerang         ||     1
 Stab: Sleeping          ||     2
Armor: Leather armour    ||    13
Dodge: Dodged            ||    30
